cohdb
Replays
Latest Replays
All Replays
Popular Replays
Top Player Replays
Match Explorer
How It Works
Community
CoH3 Stats
Reddit
Sign in to upload your games and track your stats! →
Sign in with Steam
Match 41124590
Unlisted
Match 41124590
Overview
Messages
Build Orders
End
Construct Section Command Post
Selects Canadian Shock Battlegroup
Infantry Section
Infantry Section
ML 3-inch Mortar Team
Vickers Machine Gun Team
Construct Field Infirmary
Selects Attacking Spirit
Selects Canadian Shock Section
Grenade Package
Royal Engineer Section
Construct Platoon Command Post
Canadian Shock Section
sundr
Slayerwaq
Mac Tonight
Zehel
Spaghetti
Krooger
0
0
Comments
sign in to comment!
No comments posted yet!